 Dungeon Crawl Stone Soup version 0.28-a0-97-g102d6777a4 (webtiles) character file.

Game seed: 7328706977130721142

707 lunkers the Magician (level 8, -7/58 HPs)
             Began as a Djinni Earth Elementalist on Aug 9, 2021.
             Was an Initiate of Gozag.
             Killed from afar by Dowan (20 damage)
             ... with a shard of ice
             ... on level 5 of the Dungeon.
             The game lasted 00:05:20 (4692 turns).

lunkers the Magician (Djinni Earth Elementalist)    Turns: 4692, Time: 00:05:20

Health: -7/58      AC:  4    Str:  7    XL:     8   Next: 0%
Gold:   155        EV: 12    Int: 19    God:    Gozag SH:  0 Dex: 14

rFire   + + .      SeeInvis .   (no weapon)
rCold   x . .      Faith    .   (no shield)
rNeg    . . .      Spirit   .   b - +0 robe
rPois   ∞          Reflect  .   e - +0 helmet
rElec   .          Harm     .   (no cloak)
rCorr   .          Rampage  .   h - +0 pair of gloves
Will    .....                   (boots unavailable)
Stlth   ++........              (no amulet)
HPRegen 0.19/turn               (no ring)
MPRegen 0.00/turn               (no ring)

@: gold aura, flying, very slightly contaminated
A: sickness immunity, fire resistance 2, cold vulnerability 1, float, innate
caster, hp casting, extra vitality 1
a: Renounce Religion, Potion Petition, Call Merchant, Bribe Branch


You were on level 5 of the Dungeon.
You worshipped Gozag.
Gozag was aware of your devotion.
You visited 2 branches of the dungeon, and saw 6 of its levels.

You collected 205 gold pieces.
You paid 50 gold pieces to Gozag.

Inventory:

Missiles
 c - 46 stones
Armour
 b - a +0 robe (worn)
 e - a +0 helmet (worn)
 h - a +0 pair of gloves (worn)
Magical Staves
 a - a staff of death
 m - a staff of poison
Scrolls
 d - 2 scrolls of teleportation {unknown}
 f - a scroll of summoning {unknown}
 g - 2 scrolls of vulnerability {unknown}
 o - a scroll of holy word {unknown}
 p - a scroll of identify {unknown}
 q - a scroll of blinking {unknown}
Potions
 i - a potion of invisibility {unknown}
 j - a potion of mutation {unknown}
 k - a potion of flight {unknown}
 l - a potion of curing {unknown}
 n - a potion of haste {unknown}


   Skills:
 + Level 4.4 Fighting
 - Level 2.1 Dodging
 - Level 1.5 Stealth
 * Level 5.6 Spellcasting


You had 2 spell levels left.
You knew the following spells:

 Your Spells              Type           Power      Damage    Failure   Level
a - Stone Arrow           Conj/Erth      52%        3d10      3%          3
b - Passwall              Tmut/Erth      21%        N/A       1%          2
c - Sandblast             Erth           52%        2d12      1%          1
d - Petrify               Tmut/Erth      26%        N/A       11%         4
e - Magic Dart            Conj           100%       1d8       1%          1
f - Slow                  Hex            26%        N/A       1%          2
g - Gell's Gravitas       Tloc           13%        N/A       3%          3
Your spell library was empty.

Dungeon Overview and Level Annotations

Branches:
Dungeon (5/15)             Temple (1/1) D:4

Altars:
Ashenzari
Cheibriados
Dithmenos
Elyvilon
Fedhas
Gozag
Hepliaklqana
Kikubaaqudgha
Makhleb
Nemelex Xobeh
Qazlal
Ru
Sif Muna
Uskayaw
Vehumet
Wu Jian
Xom
Yredelemnul
Zin
The Shining One

Shops:
D:4 *

Annotations:
D:5 Dowan


Innate Abilities, Weirdness & Mutations

You are immune to sickness and miasma.
You are immune to poison.
Your flesh is very heat resistant. (rF++)
You are vulnerable to cold. (rC-)
You float through the air rather than walking.
You learn spells naturally, not from books.
Your magical power is your life essence.
You have superior vitality. (+4 HP)


Message History

You are very lightly contaminated with residual magic.
Nothing appears to happen.
* * * LOW HITPOINT WARNING * * *
Dowan casts a spell at you. The shard of ice misses you.
Unknown command.
Unknown command.
Casting: Stone Arrow (dangerous; 3% risk of failure)
Confirm with . or Enter, or press ? or * to list all spells.
Aiming: Stone Arrow (dangerous; 3% risk of failure)
Press: ? - help, Shift-Dir - straight line, f/p - Dowan
Aim: Dowan, wielding a +0 dagger and wearing a +0 robe (moderately wounded, fast, 60% to hit)
The stone arrow misses Dowan.
* * * LOW HITPOINT WARNING * * *
Dowan mumbles some strange words.
Dowan blinks!
Unknown command.
Unknown command.
Casting: Stone Arrow (dangerous; 3% risk of failure)
Confirm with . or Enter, or press ? or * to list all spells.
Aiming: Sandblast (safe; 1% risk of failure)
Press: ? - help, Shift-Dir - straight line, f/p - Dowan
Aim: Dowan, wielding a +0 dagger and wearing a +0 robe (moderately wounded, fast, 73% to hit)
The blast of sand misses Dowan.
* * * LOW HITPOINT WARNING * * *
Dowan shakes with grief.
Unknown command.
Unknown command.
Casting: Sandblast (safe; 1% risk of failure)
Confirm with . or Enter, or press ? or * to list all spells.
Aiming: Sandblast (safe; 1% risk of failure)
Press: ? - help, Shift-Dir - straight line, f/p - Dowan
Aim: Dowan, wielding a +0 dagger and wearing a +0 robe (moderately wounded, fast, 73% to hit)
The blast of sand hits Dowan!
Dowan is almost dead.
* * * LOW HITPOINT WARNING * * *
Dowan points at you and mumbles some strange words.
The shard of ice hits you!!
You feel a painful chill!
You die...
Your body crumbles into a pile of gold.

#............?
#..............
#..............
#..............
#..............
#..............
#......$.......
#.....@e.......
#......>.......
#.>............
#..............
#..............
#..............
#...............
##..............
#...............


You could see Dowan (fast).

Vanquished Creatures
  Duvessa (D:5)
  An ogre (D:4)
  A phantom (D:4)
  A scorpion (D:5)
  A vampire bat (D:4)
  A jelly (D:3)
  A hound (D:4)
  A bullfrog skeleton (D:4)
  An orc priest (D:3)
  An orc wizard (D:3)
  An iguana (D:4)
  10 adders
  A worm (D:3)
  A dart slug (D:2)
  3 orcs
  2 bat skeletons (D:4)
  3 bat zombies (D:4)
  5 endoplasms
  2 giant cockroaches
  2 goblins
  4 hobgoblins
  3 jackals (D:1)
  2 quokkas (D:2)
  8 ball pythons
  6 bats
  A frilled lizard (D:2)
  10 kobolds
  3 rats
77 creatures vanquished.

Notes
Turn   | Place    | Note
-------+----------+-------------------------------------------
     0 | D:1      | lunkers the Djinni Earth Elementalist began the quest for
                  | the Orb.
     0 | D:1      | Reached XP level 1. HP: 15/15 MP: 0/0
   295 | D:1      | Reached XP level 2. HP: 21/22 MP: 0/0
   778 | D:2      | Reached skill level 1 in Fighting
   778 | D:2      | Reached skill level 3 in Spellcasting
   778 | D:2      | Reached XP level 3. HP: 14/27 MP: 0/0
   778 | D:2      | Learned a level 1 spell: Magic Dart
  1075 | D:2      | Reached XP level 4. HP: 28/32 MP: 0/0
  1349 | D:2      | Found a faded altar of an unknown god.
  1844 | D:3      | Reached XP level 5. HP: 37/38 MP: 0/0
  1844 | D:3      | Learned a level 2 spell: Slow
  2408 | D:3      | Reached skill level 4 in Spellcasting
  2416 | D:3      | Reached XP level 6. HP: 34/45 MP: 0/0
  3235 | D:4      | Found an opulent altar of Gozag.
  3238 | D:4      | Found Gozag's Platinum Reserve.
  3323 | D:4      | Reached XP level 7. HP: 40/50 MP: 0/0
  3323 | D:4      | Learned a level 3 spell: Gell's Gravitas
  3547 | D:4      | Found a burning altar of Makhleb.
  3548 | D:4      | Found a sparkling altar of Nemelex Xobeh.
  3548 | D:4      | Found a shimmering altar of Xom.
  3634 | D:4      | Found a staircase to the Ecumenical Temple.
  3658 | D:4      | Reached skill level 5 in Spellcasting
  4299 | Temple   | Entered the Ecumenical Temple
  4614 | D:4      | Became a worshipper of Gozag Ym Sagoz the Greedy
  4627 | D:5      | Entered Level 5 of the Dungeon
  4675 | D:5      | Noticed Dowan
  4676 | D:5      | Noticed Duvessa
  4687 | D:5      | Killed Duvessa
  4688 | D:5      | Reached XP level 8. HP: 30/58 MP: 0/0
  4692 | D:5      | Killed from afar by Dowan

Illustrated notes

Levels and vault maps discovered:
D:1:      scummos_arrival_checkerplants, layout_rooms
D:2:      minmay_evil_eye, layout_basic,
          hellmonk_ecumenical_altar_leap_of_faith, dk_noncrumbling_4
D:3:      layout_loops_ring, grunt_ministairs_5, wad_floor_pattern_untrapped,
          chequers_serial_rivers_small_3
D:4:      layout_basic, kennysheep_vampire_church,
          nicolae_gozag_zags_fifth_avenue, grunt_temple_overflow_open,
          minmay_temple_entry_nine_rooms
D:5:      layout_layer_cave, uniq_duvessa, uniq_prince_ribbit1
Temple:   regret_index_temple_generic_petals

Skill      XL: |  1  2  3  4  5  6  7 |
---------------+----------------------+-----
Fighting       | 1 2 3 4 |  4.4
Spellcasting   | 3 4 5 |  5.6
Dodging        | |  2.1
Stealth        | |  1.5

Action                   |  1- 3 |  4- 6 |  7- 9 || total
-------------------------+-------+-------+-------++-------
 Cast: Sandblast         |    34 |    61 |     4 ||    99
       Stone Arrow       |       |    15 |    21 ||    36
Armor: Robe              |     2 |     4 |     4 ||    10
Dodge: Dodged            |    13 |    10 |    14 ||    37

Table legend: (Time is in decaauts)
 A = Elapsed time spent in this place.
 B = Non-inter-level travel time spent in this place.
 C = Inter-level travel time spent in this place.
 D = Time resting spent in this place.
 E = Time spent auto-exploring this place.
 F = Levels seen in this place.
 G = Mean time per level.
                   A        B        C        D        E       F      G
               +--------+--------+--------+--------+--------+-----+--------+
         Total |   4693 |   4463 |    230 |    410 |   3594 |   6 |  782.2 |
       Dungeon |   4447 |   4253 |    194 |    410 |   3385 |   5 |  889.4 |
        Temple |    245 |    209 |     36 |      0 |    209 |   1 |  245.0 |
               +--------+--------+--------+--------+--------+-----+--------+

Top non-repeatable levels by time:
     D:4: 1468 daAuts
     D:2: 1297 daAuts
     D:3: 892 daAuts
     D:1: 724 daAuts
  Temple: 245 daAuts
     D:5: 64 daAuts
